3AA
PROVIDENCE PILGRIMS @ OTTAWA NATIONALS
05/26/2041
 
TOP OF THE 1ST
Providence Pilgrims batting - Pitching for Ottawa Nationals : RHP Ernest Brock
Pitching: RHP Ernest Brock
Batting: RHB Keith Lynn 0-0: Ball
1-0: Called Strike
1-1: Ball
2-1: TRIPLE (Line Drive, 7LD, EV 110.0 MPH)
Batting: RHB Carlos González 0-0: Ball
1-0: Reached on error, E6 (Groundball, 6S, EV 92.5 MPH)
Keith Lynn scores
Batting: RHB Chris Hall 0-0: Swinging Strike
0-1: Foul Ball, location: 2F
0-2: Ball
1-2: Foul Ball, location: 2F
1-2: 2-RUN HOME RUN (Flyball, 7LD, EV 98.1 MPH), Distance : 362 ft
Batting: RHB Gabriel Méndez 0-0: Ball
1-0: Ball
2-0: Ball
3-0: Base on Balls
Batting: RHB Frank Ray 0-0: Ball
1-0: Called Strike
1-1: Ball
2-1: Swinging Strike
2-2: Ball
3-2: SINGLE (Line Drive, 4MD, EV 103.8 MPH)
Gabriel Méndez to second
Batting: LHB Pancho Coloma 0-0: Ball
1-0: Fly out, F3 (Line Drive, 3, EV 68.8 MPH)
Batting: RHB Ger Jobse 0-0: Ball
1-0: Called Strike
1-1: Ball
2-1: Ball
3-1: Fly out, F8 (Line Drive, 8LXD, EV 100.0 MPH)
Runner from 2nd tags up, SAFE at 3rd, no throw by CF
Batting: RHB Gilberto Ortíz 0-0: Foul Ball, location: 2F
0-1: Swinging Strike
0-2: Foul Ball, location: 2F
0-2: Ball
1-2: Ball
2-2: SINGLE (Line Drive, 9S, EV 105.6 MPH)
Gabriel Méndez scores
Frank Ray to second
Batting: RHB Jesse McCoy 0-0: Ball
1-0: Fielders Choice at 2nd, 6-4 (Groundball, 6, EV 108.8 MPH)
Top of the 1st over - 4 runs, 4 hits, 1 error, 2 left on base; Providence 4 - Ottawa 0
BOTTOM OF THE 1ST
Ottawa Nationals batting - Pitching for Providence Pilgrims : RHP Ernesto García
Pitching: RHP Ernesto García
Batting: SHB Aristotle Auer 0-0: Called Strike
0-1: Ball
1-1: Ground out 4-3 (Groundball, 4, EV 81.2 MPH)
Batting: RHB Hulama Yani 0-0: Called Strike
0-1: Foul Ball, location: 2F
0-2: Ball
1-2: Fly out, F8 (Flyball, 78M, EV 91.9 MPH)
Batting: LHB Ánibal Lima 0-0: Called Strike
0-1: Ball
1-1: Foul Ball, location: 2F
1-2: Ground out 3-1 (Groundball, 34, EV 91.9 MPH)
Bottom of the 1st over - 0 runs, 0 hits, 0 errors, 0 left on base; Providence 4 - Ottawa 0
TOP OF THE 2ND
Providence Pilgrims batting - Pitching for Ottawa Nationals : RHP Ernest Brock
Batting: RHB Keith Lynn 0-0: Ball
1-0: Called Strike
1-1: Called Strike
1-2: Ball
2-2: Foul Ball, location: 2F
2-2: Ground out 1-3 (Groundball, 34S, EV 88.8 MPH)
Batting: RHB Carlos González 0-0: Fly out, F2 (Popup, 13S, EV 79.4 MPH)
Batting: RHB Chris Hall 0-0: Ball
1-0: SINGLE (Line Drive, 56D, EV 94.4 MPH)
Batting: RHB Gabriel Méndez 0-0: Foul Ball, location: 2F
0-1: Foul Ball, location: 2F
0-2: Ball
1-2: Foul Ball, location: 2F
1-2: Foul Ball, location: 2F
1-2: 2-RUN HOME RUN (Flyball, 78XD, EV 106.2 MPH), Distance : 436 ft
Batting: RHB Frank Ray 0-0: Ball
1-0: Called Strike
1-1: Called Strike
1-2: Foul Ball, location: 2F
1-2: Ball
2-2: Foul Ball, location: 2F
2-2: Foul Ball, location: 2F
2-2: SINGLE (Groundball, 6M, EV 100.6 MPH) (infield hit)
Batting: LHB Pancho Coloma 0-0: Ball
1-0: Swinging Strike
1-1: Foul Ball, location: 2F
1-2: Foul Ball, location: 2F
1-2: Foul Ball, location: 2F
1-2: Strikes out swinging
Top of the 2nd over - 2 runs, 3 hits, 0 errors, 1 left on base; Providence 6 - Ottawa 0
BOTTOM OF THE 2ND
Ottawa Nationals batting - Pitching for Providence Pilgrims : RHP Ernesto García
Batting: RHB Imbart Baars 0-0: Fly out, F9 (Flyball, 9S, EV 96.2 MPH)
Batting: RHB Michael Collier 0-0: Ball
1-0: Foul Ball, location: 2F
1-1: Fly out, F6 (Popup, 6D, EV 55.6 MPH)
Batting: RHB Sallvador Rebola 0-0: Ball
1-0: Swinging Strike
1-1: Swinging Strike
1-2: Strikes out swinging
Bottom of the 2nd over - 0 runs, 0 hits, 0 errors, 0 left on base; Providence 6 - Ottawa 0
TOP OF THE 3RD
Providence Pilgrims batting - Pitching for Ottawa Nationals : RHP Ernest Brock
Batting: RHB Ger Jobse 0-0: Ground out 1-3 (Groundball, P, EV 68.8 MPH)
Batting: RHB Gilberto Ortíz 0-0: Foul Ball, location: 2F
0-1: DOUBLE (Line Drive, 78D, EV 105.0 MPH)
Batting: RHB Jesse McCoy 0-0: Called Strike
0-1: Foul Ball, location: 2F
0-2: SINGLE (Groundball, 6MD, EV 96.2 MPH)
Gilberto Ortíz to third
Runner from 3rd tries for Home, SAFE, no throw by CF
Pitching: LHP Kenny Lindsey
Batting: RHB Keith Lynn 0-0: Ball
1-0: Ball
2-0: Ball
3-0: Called Strike
3-1: Foul Ball, location: 2F
3-2: Base on Balls
Jesse McCoy to second
Batting: RHB Carlos González 0-0: Ball
1-0: Foul Ball, location: 2F
1-1: Foul Ball, location: 2F
1-2: Ball
2-2: SINGLE (Groundball, 34D, EV 95.0 MPH)
Jesse McCoy to third
Keith Lynn to second
Runner from 3rd tries for Home, SAFE, no throw by RF
Batting: RHB Chris Hall 0-0: Fly out, F7 (Line Drive, 7D, EV 98.8 MPH)
Runner from 2nd tags up, SAFE at 3rd, no throw by LF
Batting: RHB Gabriel Méndez 0-0: Ball
1-0: Foul Ball, location: 2F
1-1: 3-RUN HOME RUN (Flyball, 8RXD, EV 110.0 MPH), Distance : 448 ft
Batting: RHB Frank Ray 0-0: Ball
1-0: Fly out, F7 (Flyball, 7D, EV 98.1 MPH)
Top of the 3rd over - 5 runs, 4 hits, 0 errors, 0 left on base; Providence 11 - Ottawa 0
BOTTOM OF THE 3RD
Ottawa Nationals batting - Pitching for Providence Pilgrims : RHP Ernesto García
Batting: RHB Rob Shannon 0-0: Ball
1-0: SINGLE (Flyball, 9LS, EV 97.5 MPH)
Batting: RHB Nobuhiko Ohayashi 0-0: Called Strike
Rob Shannon is caught stealing 2nd base 2-4
0-1: Swinging Strike
0-2: Foul Ball, location: 2F
0-2: Strikes out swinging
Batting: RHB Barney Paul 0-0: Foul Ball, location: 2F
0-1: Ball
1-1: Ball
2-1: Foul Ball, location: 2F
2-2: Strikes out swinging
Bottom of the 3rd over - 0 runs, 1 hit, 0 errors, 0 left on base; Providence 11 - Ottawa 0
TOP OF THE 4TH
Providence Pilgrims batting - Pitching for Ottawa Nationals : LHP Kenny Lindsey
Batting: LHB Pancho Coloma 0-0: Swinging Strike
0-1: Ball
1-1: Ball
2-1: Ball
3-1: Foul Ball, location: 2F
3-2: Base on Balls
Batting: RHB Ger Jobse 0-0: Ball
1-0: Foul Ball, location: 2F
1-1: Ball
2-1: Called Strike
2-2: Strikes out swinging
Batting: RHB Gilberto Ortíz 0-0: Ball
1-0: Fly out, F8 (Flyball, 8RD, EV 84.4 MPH)
Batting: RHB Jesse McCoy 0-0: Called Strike
0-1: Ball
1-1: Foul Ball, location: 2F
1-2: Ball
2-2: Foul Ball, location: 2F
2-2: Ball
3-2: Strikes out swinging
Top of the 4th over - 0 runs, 0 hits, 0 errors, 1 left on base; Providence 11 - Ottawa 0
BOTTOM OF THE 4TH
Ottawa Nationals batting - Pitching for Providence Pilgrims : RHP Ernesto García
Batting: SHB Aristotle Auer 0-0: Ball
1-0: Called Strike
1-1: Ball
2-1: Ball
3-1: Swinging Strike
3-2: SINGLE (Groundball, 3D, EV 103.1 MPH)
Batting: RHB Hulama Yani 0-0: Ball
1-0: Ball
2-0: Called Strike
2-1: Foul Ball, location: 2F
2-2: Foul Ball, location: 2F
2-2: Foul Ball, location: 2F
2-2: Fielders Choice at 2nd, 5-4 (Groundball, 56S, EV 86.9 MPH)
Batting: LHB Ánibal Lima 0-0: Called Strike
0-1: Foul Ball, location: 2F
0-2: Ball
Hulama Yani steals 2nd base (no throw)
1-2: Ball
2-2: SINGLE (Line Drive, 8RS, EV 92.5 MPH)
Hulama Yani to third
Runner from 3rd tries for Home, SAFE, throw by CF to home
Batting: RHB Imbart Baars 0-0: Called Strike
Ánibal Lima steals 2nd, throwing error, E2
Ánibal Lima to third
0-1: Foul Ball, location: 2F
0-2: Strikes out swinging
Batting: RHB Michael Collier 0-0: Ball
1-0: Foul Ball, location: 2F
1-1: Called Strike
1-2: Ball
2-2: Ball
3-2: Fly out, F8 (Flyball, 8RM, EV 83.8 MPH)
Bottom of the 4th over - 1 run, 2 hits, 1 error, 1 left on base; Providence 11 - Ottawa 1
TOP OF THE 5TH
Providence Pilgrims batting - Pitching for Ottawa Nationals : LHP Kenny Lindsey
Batting: RHB Keith Lynn 0-0: Swinging Strike
0-1: SINGLE (Line Drive, 9S, EV 85.6 MPH)
Batting: RHB Carlos González 0-0: Ball
1-0: Foul Ball, location: 2F
1-1: Ball
2-1: SINGLE (Groundball, 6MD, EV 94.4 MPH)
Keith Lynn to second
Batting: RHB Chris Hall 0-0: Called Strike
0-1: Called Strike
0-2: 3-RUN HOME RUN (Flyball, 9LD, EV 101.9 MPH), Distance : 361 ft
Pitching: RHP Lawrence Parsons
Batting: RHB Gabriel Méndez 0-0: Ball
1-0: Ball
2-0: Ball
3-0: Called Strike
3-1: Base on Balls
Batting: RHB Frank Ray 0-0: Foul Ball, location: 2F
0-1: Swinging Strike
0-2: Ball
1-2: Ball
2-2: 2-RUN HOME RUN (Line Drive, 78XD, EV 105.6 MPH), Distance : 404 ft
Batting: LHB Pancho Coloma 0-0: Called Strike
0-1: Swinging Strike
0-2: Ball
1-2: Strikes out swinging
Batting: RHB Ger Jobse 0-0: Ball
1-0: Called Strike
1-1: Ground out 5-3 (Groundball, 56S, EV 86.9 MPH)
Batting: RHB Gilberto Ortíz 0-0: Ball
1-0: Fly out, F9 (Flyball, 9LS, EV 85.6 MPH)
Top of the 5th over - 5 runs, 4 hits, 0 errors, 0 left on base; Providence 16 - Ottawa 1
BOTTOM OF THE 5TH
Ottawa Nationals batting - Pitching for Providence Pilgrims : RHP Ernesto García
Batting: RHB Sallvador Rebola 0-0: Ball
1-0: Fly out, F8 (Flyball, 8LD, EV 86.9 MPH)
Batting: RHB Rob Shannon 0-0: Fly out, F4 (Flyball, 34D, EV 93.8 MPH)
Batting: RHB Nobuhiko Ohayashi 0-0: Ball
1-0: Ball
2-0: Foul Ball, location: 2F
2-1: Foul Ball, location: 2F
2-2: Foul Ball, location: 2F
2-2: Fly out, F6 (Line Drive, 6, EV 67.5 MPH)
Bottom of the 5th over - 0 runs, 0 hits, 0 errors, 0 left on base; Providence 16 - Ottawa 1
TOP OF THE 6TH
Providence Pilgrims batting - Pitching for Ottawa Nationals : RHP Lawrence Parsons
Batting: RHB Jesse McCoy 0-0: Ball
1-0: Ball
2-0: DOUBLE (Flyball, 89D, EV 87.5 MPH)
Batting: RHB Keith Lynn 0-0: Called Strike
0-1: Foul Ball, location: 2F
0-2: Foul Ball, location: 2F
0-2: Foul Ball, location: 2F
0-2: Ball
1-2: Hit by Pitch
Batting: RHB Carlos González 0-0: Ball
1-0: Foul Ball, location: 2F
1-1: Ball
2-1: Swinging Strike
2-2: Ball
3-2: Foul Ball, location: 2F
3-2: Strikes out swinging
Batting: RHB Chris Hall 0-0: Foul Ball, location: 2F
0-1: Ball
1-1: Ball
2-1: Ball
3-1: Base on Balls
Jesse McCoy to third
Keith Lynn to second
Batting: RHB Gabriel Méndez 0-0: Ball
1-0: Ball
2-0: Ball
3-0: Base on Balls
Jesse McCoy scores
Keith Lynn to third
Chris Hall to second
Batting: RHB Frank Ray 0-0: Ball
1-0: Ball
2-0: Called Strike
2-1: Fly out, F8 (Line Drive, 8RD, EV 96.2 MPH)
Runner from 3rd tags up, SCORES, throw by CF
Batting: LHB Pancho Coloma 0-0: Ball
Wild Pitch!
Chris Hall to third
Gabriel Méndez to second
1-0: SINGLE (Flyball, 9LM, EV 93.1 MPH)
Chris Hall scores
Gabriel Méndez to third
Runner from 3rd tries for Home, SAFE, no throw by RF
Pitching: RHP Manuel Rodríguez
Batting: RHB Ger Jobse 0-0: Ball
1-0: Ball
2-0: Fly out, F7 (Flyball, 7LS, EV 97.5 MPH)
Top of the 6th over - 4 runs, 2 hits, 0 errors, 1 left on base; Providence 20 - Ottawa 1
BOTTOM OF THE 6TH
Ottawa Nationals batting - Pitching for Providence Pilgrims : RHP Ernesto García
Batting: RHB Barney Paul 0-0: Ball
1-0: Ball
2-0: Called Strike
2-1: Foul Ball, location: 2F
2-2: Foul Ball, location: 2F
2-2: Strikes out swinging
Batting: SHB Aristotle Auer 0-0: Ground out 1-3 (Groundball, 34S, EV 83.8 MPH)
Batting: RHB Hulama Yani 0-0: Ball
1-0: Ball
2-0: Ball
3-0: Base on Balls
Batting: LHB Ánibal Lima 0-0: Ball
1-0: Foul Ball, location: 2F
1-1: Called Strike
Hulama Yani steals 2nd base (no throw)
1-2: Foul Ball, location: 2F
1-2: Foul Ball, location: 2F
1-2: Foul Ball, location: 2F
1-2: Foul Ball, location: 2F
1-2: Fly out, F8 (Flyball, 8LD, EV 105.0 MPH)
Bottom of the 6th over - 0 runs, 0 hits, 0 errors, 1 left on base; Providence 20 - Ottawa 1
TOP OF THE 7TH
Providence Pilgrims batting - Pitching for Ottawa Nationals : RHP Manuel Rodríguez
Batting: RHB Gilberto Ortíz 0-0: Swinging Strike
0-1: Ground out 4-3 (Groundball, 4, EV 88.1 MPH)
Batting: RHB Jesse McCoy 0-0: Called Strike
0-1: Ball
1-1: Ball
2-1: Called Strike
2-2: Fly out, F7 (Flyball, 7, EV 85.6 MPH)
Pinch Hitting: LHB Ben Tyler 0-0: Foul Ball, location: 2F
0-1: Ball
1-1: Ball
2-1: Ground out 6-3 (Groundball, 6M, EV 102.5 MPH)
Top of the 7th over - 0 runs, 0 hits, 0 errors, 0 left on base; Providence 20 - Ottawa 1
BOTTOM OF THE 7TH
Ottawa Nationals batting - Pitching for Providence Pilgrims : RHP Ernesto García
Now in LF: Ben Tyler
Batting: RHB Imbart Baars 0-0: Called Strike
0-1: Ball
1-1: Ball
2-1: Foul Ball, location: 2F
2-2: Ball
3-2: Foul Ball, location: 2F
3-2: Ground out 6-3 (Groundball, 6, EV 93.1 MPH)
Batting: RHB Michael Collier 0-0: Ball
1-0: Foul Ball, location: 2F
1-1: Swinging Strike
1-2: Ball
2-2: Ball
3-2: Strikes out swinging
Batting: RHB Sallvador Rebola 0-0: Foul Ball, location: 2F
0-1: Ball
1-1: Fly out, F8 (Line Drive, 8LD, EV 92.5 MPH)
Bottom of the 7th over - 0 runs, 0 hits, 0 errors, 0 left on base; Providence 20 - Ottawa 1
TOP OF THE 8TH
Providence Pilgrims batting - Pitching for Ottawa Nationals : RHP Manuel Rodríguez
Batting: RHB Carlos González 0-0: Ball
1-0: Ball
2-0: DOUBLE (Line Drive, 9LM, EV 94.4 MPH)
Pinch Hitting: RHB Mario Ramírez 0-0: Ball
1-0: Ball
2-0: Swinging Strike
2-1: Swinging Strike
2-2: Ball
3-2: Foul Ball, location: 2F
3-2: Foul Ball, location: 2F
3-2: Foul Ball, location: 2F
3-2: SINGLE (Groundball, 56D, EV 100.0 MPH)
Carlos González to third
Batting: RHB Gabriel Méndez 0-0: Ball
1-0: Ball
2-0: Ball
3-0: Called Strike
3-1: Base on Balls
Mario Ramírez to second
Batting: RHB Frank Ray 0-0: Called Strike
0-1: Foul Ball, location: 2F
0-2: Ball
1-2: Foul Ball, location: 2F
1-2: GRAND SLAM HOME RUN (Flyball, 7D, EV 103.1 MPH), Distance : 375 ft
Batting: LHB Pancho Coloma 0-0: Called Strike
0-1: Ball
1-1: Ground out U3 (Groundball, 3, EV 90.0 MPH)
Pinch Hitting: RHB Ronnie Wise 0-0: Fly out, F8 (Flyball, 78S, EV 95.0 MPH)
Batting: RHB Gilberto Ortíz 0-0: Ball
1-0: Foul Ball, location: 2F
1-1: Called Strike
1-2: Ball
2-2: Ball
3-2: Ground out 6-3 (Groundball, 6, EV 76.9 MPH)
Top of the 8th over - 4 runs, 3 hits, 0 errors, 0 left on base; Providence 24 - Ottawa 1
BOTTOM OF THE 8TH
Ottawa Nationals batting - Pitching for Providence Pilgrims : RHP Ernesto García
Now at 2B: Ronnie Wise
Now at SS: Mario Ramírez
Batting: RHB Rob Shannon 0-0: Foul Ball, location: 2F
0-1: Swinging Strike
0-2: Ball
1-2: Fly out, F8 (Flyball, 8LXD, EV 91.2 MPH)
Batting: RHB Nobuhiko Ohayashi 0-0: Called Strike
0-1: SINGLE (Line Drive, 3D, EV 98.8 MPH)
Pitching: RHP Ellis Gedge
Batting: RHB Barney Paul 0-0: Ball
1-0: Called Strike
1-1: Foul Ball, location: 2F
1-2: Ball
2-2: Strikes out swinging
Batting: SHB Aristotle Auer 0-0: Called Strike
0-1: Ball
1-1: Ball
2-1: Ball
3-1: Base on Balls
Nobuhiko Ohayashi to second
Batting: RHB Hulama Yani 0-0: Ball
1-0: Foul Ball, location: 2F
1-1: Ball
2-1: Fly out, F7 (Flyball, 7S, EV 86.9 MPH)
Bottom of the 8th over - 0 runs, 1 hit, 0 errors, 2 left on base; Providence 24 - Ottawa 1
TOP OF THE 9TH
Providence Pilgrims batting - Pitching for Ottawa Nationals : RHP Manuel Rodríguez
Pitching: RHP Pei Fa
Batting: RHB Jesse McCoy 0-0: SINGLE (Groundball, 6, EV 83.1 MPH) (infield hit)
Batting: LHB Ben Tyler 0-0: Fly out, F8 (Flyball, 8RXD, EV 96.2 MPH)
Batting: RHB Carlos González 0-0: Foul Ball, location: 2F
0-1: Swinging Strike
0-2: Strikes out swinging
Batting: RHB Mario Ramírez 0-0: Ball
1-0: Foul Ball, location: 2F
1-1: Foul Ball, location: 2F
1-2: Strikes out swinging
Top of the 9th over - 0 runs, 1 hit, 0 errors, 1 left on base; Providence 24 - Ottawa 1
BOTTOM OF THE 9TH
Ottawa Nationals batting - Pitching for Providence Pilgrims : RHP Ellis Gedge
Batting: LHB Ánibal Lima 0-0: Ball
1-0: Called Strike
1-1: Called Strike
1-2: Ball
2-2: Fly out, F8 (Flyball, 78D, EV 86.2 MPH)
Batting: RHB Imbart Baars 0-0: Ball
1-0: Foul Ball, location: 2F
1-1: Fly out, F7 (Flyball, 78M, EV 90.6 MPH)
Batting: RHB Michael Collier 0-0: Foul Ball, location: 2F
0-1: Ball
1-1: Called Strike
1-2: Fly out, F3 (Popup, 34, EV 56.2 MPH)
Bottom of the 9th over - 0 runs, 0 hits, 0 errors, 0 left on base; Providence 24 - Ottawa 1
Tuesday, January 5th, 2021 - OOTP Baseball 20.8 Build 74